 Dungeon Crawl Stone Soup version 0.23-a0-837-ga3e6480 (console) character file.

589 bli the Carver (level 7, -1/55 HPs)
             Began as a Barachi Monk on Jan 24, 2019.
             Was a Believer of Cheibriados.
             Slain by a hippogriff (5 damage)
             ... on level 5 of the Dungeon.
             The game lasted 00:13:15 (4338 turns).

bli the Carver (Barachi Monk)                       Turns: 4338, Time: 00:13:16

Health: -1/55      AC:  5    Str: 16    XL:     7   Next: 38%
Magic:  7/7        EV: 15    Int: 14    God:    Cheibriados [**....]
Gold:   310        SH:  0    Dex: 21    Spells: 6/6 levels left

rFire    x . .     SeeInvis +   a - +0 falchion
rCold    + . .     Gourm    .   (no shield)
rNeg     . . .     Faith    .   F - +0 robe
rPois    .         Spirit   .   (no helmet)
rElec    .         Reflect  .   (no cloak)
rCorr    .         Harm     .   x - +2 pair of gloves
MR       .....                  (no boots)
Stlth    +++.......             (no amulet)
HPRegen  0.18/turn              B - ring of see invisible
MPRegen  0.10/turn              L - ring of ice

@: very slow
A: +LOS, swims, slowness 1, strong legs 1
a: Hop, Bend Time, Renounce Religion


You were on level 5 of the Dungeon.
You worshipped Cheibriados.
Cheibriados was pleased with you.
You were not hungry.

You visited 2 branches of the dungeon, and saw 6 of its levels.

You collected 310 gold pieces.

Inventory:

Hand Weapons
 a - a +0 falchion (weapon)
 b - a +0 blowgun
 t - a +0 hunting sling
 E - a +0 hunting sling
Missiles
 g - 10 tomahawks (quivered)
 m - 88 stones
 q - 54 sling bullets
 y - 30 poisoned needles
 D - 8 needles of sleeping
Armour
 e - a +0 chain mail
 n - a +0 leather armour
 p - a +0 pair of gloves
 u - a +0 ring mail
 x - a +2 pair of gloves (worn)
 F - a +0 robe (worn)
 H - a +0 buckler
 I - a +0 shield
 K - a +0 leather armour
 M - a +0 scale mail
Jewellery
 B - a ring of see invisible (left hand)
 L - a ring of ice (right hand)
Wands
 J - a wand of iceblast (10)
Scrolls
 d - a scroll of enchant weapon {unknown}
 f - 10 scrolls of identify {unknown}
 h - a scroll of fear {unknown}
 j - 4 scrolls of amnesia {unknown}
 r - 4 scrolls of teleportation {unknown}
 s - a scroll of remove curse {unknown}
 v - 3 scrolls of magic mapping {unknown}
 w - a scroll of immolation {unknown}
 C - a scroll of blinking {unknown}
Potions
 i - a potion of berserk rage {unknown}
 k - a potion of haste {unknown}
 l - 4 potions of heal wounds {unknown}
 o - 2 potions of curing {unknown}
 z - a potion of might {unknown}
 G - a potion of mutation {unknown}
Comestibles
 c - 10 rations


   Skills:
 + Level 4.4 Fighting
 * Level 8.5 Long Blades
 + Level 4.4 Dodging
 + Level 2.5 Stealth
 * Level 1.4 Shields


You had 6 spell levels left.
You didn't know any spells.
Your spell library contained the following spells:

 Spells                   Type           Power        Failure   Level  Hunger
 Corona                   Hex            #......      28%         1    ##.....
 Ensorcelled Hibernation  Hex/Ice        #.....       41%         2    ###....
 Confuse                  Hex            #.......     65%         3    ####...
 Dazzling Spray           Conj/Hex       #.....       65%         3    ####...
 Tukima's Dance           Hex            #.......     65%         3    ####...


Dungeon Overview and Level Annotations

Branches:
Dungeon (5/15)             Temple (1/1) D:5

Altars:
Cheibriados
Elyvilon
Makhleb
Nemelex Xobeh
Sif Muna
Trog
Uskayaw
Vehumet
Xom
Zin
The Shining One


Innate Abilities, Weirdness & Mutations

Shadows flee at your approach. (+LOS)
You can swim through water.
You cover ground slowly.
You can hop short distances.


Message History

You hit the hippogriff but do no damage.
The hippogriff is moderately wounded.
The hippogriff bites you.
* * * LOW HITPOINT WARNING * * *
The hippogriff pecks you.
* * * LOW HITPOINT WARNING * * *
The hippogriff claws you.
* * * LOW HITPOINT WARNING * * *
You barely miss the hippogriff.
The hippogriff is moderately wounded.
The hippogriff bites you.
* * * LOW HITPOINT WARNING * * *
The hippogriff pecks you.
* * * LOW HITPOINT WARNING * * *
The hippogriff claws you but does no damage.
All of the chunks of flesh in your inventory have rotted away.
You hit the hippogriff.
The hippogriff is moderately wounded.
The hippogriff bites you.
You die...

. #. ... . ... .# #. ...
####...# . #.# ......#..#.
#.# ............### ...
...........g(.#
#.##......... ###H#
#.##.........##.@.#
#.................#
.............##.#.#
<........... #.#.#
............ #.#.#######.#
............ #...........#
......###.. #...#########
......####+####...#########
......##.....##...........#
.......#.###.##...........#
#####..'.'>#.+............#


You could see a hippogriff.

Vanquished Creatures
  Sigmund (D:5)
  A phantom (D:4)
  A bullfrog (D:3)
  An orc priest (D:4)
  2 orc wizards (D:5)
  A worker ant (D:4)
  4 adders
  An ooze (D:2)
  4 worms
  2 dart slugs
  5 leopard geckos
  12 orcs
  9 bats
  8 giant cockroaches
  12 hobgoblins
  11 kobolds
  4 quokkas
  2 ball pythons
  3 frilled lizards (D:2)
  10 goblins
  A jackal skeleton (D:4)
  5 rats
100 creatures vanquished.

Notes
Turn   | Place    | Note
-------+----------+-------------------------------------------
     0 | D:1      | bli the Barachi Monk began the quest for the Orb.
     0 | D:1      | Reached XP level 1. HP: 18/18 MP: 1/1
    26 | D:1      | Reached skill level 4 in Long Blades
    46 | D:1      | Reached XP level 2. HP: 2/24 MP: 2/2
   671 | D:1      | Reached XP level 3. HP: 27/30 MP: 3/3
   757 | D:1      | Found a burning altar of Makhleb.
  1091 | D:2      | Reached skill level 5 in Long Blades
  1464 | D:2      | Reached XP level 4. HP: 25/37 MP: 4/4
  2333 | D:3      | Reached skill level 6 in Long Blades
  2679 | D:3      | Noticed a bullfrog
  2689 | D:3      | Killed a bullfrog
  2689 | D:3      | Reached XP level 5. HP: 34/42 MP: 5/5
  3145 | D:4      | Noticed a phantom
  3175 | D:4      | Reached skill level 7 in Long Blades
  3230 | D:4      | Killed a phantom
  3230 | D:4      | Reached XP level 6. HP: 14/48 MP: 6/6
  3442 | D:4      | Found a shimmering altar of Xom.
  3981 | D:5      | Entered Level 5 of the Dungeon
  4005 | D:5      | Found a staircase to the Ecumenical Temple.
  4017 | Temple   | Entered the Ecumenical Temple
  4065 | Temple   | Became a worshipper of Cheibriados the Contemplative
  4065 | Temple   | Reached * piety under Cheibriados
  4065 | Temple   | Reached ** piety under Cheibriados
  4119 | D:5      | Noticed Sigmund
  4139 | D:5      | Killed Sigmund
  4139 | D:5      | Reached skill level 8 in Long Blades
  4139 | D:5      | Reached skill level 1 in Shields
  4139 | D:5      | Reached XP level 7. HP: 19/55 MP: 7/7
  4214 | D:5      | Noticed a hippogriff
  4338 | D:5      | Slain by a hippogriff

Vault maps used:
D:1:      dpeg_arrival_lava_altar, minivault_27
D:3:      cheibrodos_old_hovel, minmay_misc_feat_nine_boxes
D:4:      kennysheep_little_box, first_ration, grunt_ministairs_12
D:5:      gammafunk_temple_overflow_claw, minmay_temple_entry_glassed_door,
          kennysheep_cross_bottleneck, minmay_misc_feat_diagonals, uniq_sigmund
Temple:   cyrus_temple_forest

Skill      XL: |  1  2  3  4  5  6 |
---------------+-------------------+-----
Long Blades    | 4 5 6 7 8 |  8.5
Fighting       | 4 |  4.4
Stealth        | 2 |  2.5
Dodging        | 4 |  4.4
Shields        | 1 |  1.4

Action                   |  1- 3 |  4- 6 |  7- 9 || total
-------------------------+-------+-------+-------++-------
Melee: Falchion          |   146 |   208 |    24 ||   378
 Fire: Blowgun           |       |     3 |     2 ||     5
Throw: Tomahawk          |     5 |    22 |       ||    27
       Stone             |       |     4 |       ||     4
 Stab: Sleeping          |     1 |     7 |       ||     8
  Eat: Chunk             |     3 |     9 |     1 ||    13
Armor: Robe              |    38 |    36 |     5 ||    79
Dodge: Dodged            |   128 |   145 |    26 ||   299
       Rpst.: Falchion   |    41 |    43 |     7 ||    91

Table legend:
 A = Non-vault XP
 B = Vault XP
 C = Vault XP percentage of total XP
 D = Non-vault monster count
 E = Vault monster count
 F = Vault count percentage of total count
                 A         B        C        D         E       F
            +---------+---------+-------+---------+---------+-------
      Total |     608 |     234 |  27.8 |      97 |       3 |   3.0
            +---------+---------+-------+---------+---------+-------
        D:1 |      38 |       0 |   0.0 |      22 |       0 |   0.0
        D:2 |      78 |       0 |   0.0 |      29 |       0 |   0.0
        D:3 |     130 |       2 |   1.5 |      18 |       1 |   5.3
        D:4 |     261 |       1 |   0.4 |      21 |       1 |   4.5
        D:5 |     101 |     231 |  69.6 |       7 |       1 |  12.5
            +---------+---------+-------+---------+---------+-------
